 Dungeon Crawl Stone Soup version 0.25-a0-302-g9f758675c1 (webtiles) character file.

Game seed: 16338243730994706392, levelgen mode: deterministic

137 DerDa the Firebug (level 5, -2/31 HPs)
             Began as an Octopode Fire Elementalist on Dec 20, 2019.
             Slain by Robin
             ... wielding a +0 spear
              (4 damage)
             ... on level 2 of the Dungeon.
             The game lasted 00:07:22 (1400 turns).

DerDa the Firebug (Octopode Fire Elementalist)      Turns: 1400, Time: 00:07:23

Health: -2/31      AC:  1    Str:  7    XL:     5   Next: 20%
Magic:  0/10       EV: 13    Int: 18    God:
Gold:   64         SH:  0    Dex: 13    Spells: 7/11 levels left

rFire    . . .     SeeInvis .   e - +1 short sword (speed)
rCold    . . .     Gourm    .   (no shield)
rNeg     . . .     Faith    .   (helmet restricted)
rPois    .         Spirit   .   j - amulet of inaccuracy (curse)
rElec    .         Reflect  .   (no ring)
rCorr    .         Harm     .   (no ring)
MR       .....                  (no ring)
Stlth    +++.......             (no ring)
HPRegen  0.10/turn              (no ring)
MPRegen  0.12/turn              (no ring)
                                (no ring)
                                (no ring)

@: no status effects
A: almost no armour, stealthy swim, amphibious, 8 rings, constrict 8, camouflage
1, gelatinous body 1
a: no special abilities


You were on level 2 of the Dungeon.
You were hungry.

You visited 1 branch of the dungeon, and saw 2 of its levels.

You collected 64 gold pieces.

Inventory:

Hand Weapons
 e - a +1 short sword of speed (weapon)
Missiles
 i - 104 stones (quivered)
 n - 31 arrows
 o - 23 bolts
Jewellery
 j - a cursed amulet of inaccuracy (around mantle)
 s - a +2 ring of strength {unknown}
Scrolls
 c - a scroll of teleportation {unknown}
 d - 2 scrolls of amnesia {unknown}
 f - 3 scrolls of identify {unknown}
 g - 2 scrolls of magic mapping {unknown}
 k - a scroll of noise {unknown}
 l - a scroll of enchant armour {unknown}
 q - a scroll of remove curse {unknown}
 t - a scroll of enchant weapon {unknown}
 v - a scroll of fear {unknown}
Potions
 a - a potion of brilliance {unknown}
 h - 3 potions of might {unknown}
 m - a potion of berserk rage {unknown}
 p - a potion of heal wounds {unknown}
 u - 2 potions of magic {unknown}
Comestibles
 b - 6 rations
 r - 7 chunks of flesh


   Skills:
 - Level 2.0 Dodging
 - Level 2.6 Stealth
 * Level 3.7 Spellcasting
 + Level 2.3 Conjurations
 + Level 3.8 Fire Magic


You had 7 spell levels left.
You knew the following spells:

 Your Spells              Type           Power        Failure   Level  Hunger
a - Foxfire               Conj/Fire      ##..         4%          1    None
b - Conjure Flame         Conj/Fire      ##......     13%         3    ###....

Your spell library contained the following spells:

 Spells                   Type           Power        Failure   Level  Hunger
 Inner Flame              Hex/Fire       ##......     21%         3    ###....
 Sticky Flame             Conj/Fire      ##......     38%         4    ####...
 Fireball                 Conj/Fire      ##........   75%         5    ######.


Dungeon Overview and Level Annotations

Branches:
Dungeon (2/15)

Altars:

Annotations:
D:2 Robin


Innate Abilities, Weirdness & Mutations

You cannot wear most types of armour.
You are very stealthy in the water. (Stealth+)
You are amphibious.
You can wear up to eight rings at the same time.
You can use your tentacles to constrict eight enemies at once.
Your skin changes colour to match your surroundings (Stealth+).
Your rubbery body absorbs attacks. (AC +1, EV +1)


Message History

Robin closely misses you.
Casting: Foxfire (safe; 4% risk of failure)
Confirm with . or Enter, or press ? or * to list all spells.
You conjure some foxfire!
The hobgoblin misses you. Robin hits you with a +0 spear!
* * * LOW HITPOINT WARNING * * *
The foxfire hits Robin but does no damage.
The foxfire hits Robin.
Robin is lightly wounded.
Robin closely misses you.
Robin roars a battlecry!
The hobgoblin goes into a battle-frenzy!
Casting: Foxfire (safe; 4% risk of failure)
Confirm with . or Enter, or press ? or * to list all spells.
You conjure some foxfire!
Robin's horned helmet rattles.
The hobgoblin hits you.
* * * LOW HITPOINT WARNING * * *
Robin hits you from afar with a +0 spear.
You die...

...#.)).(ยง...#####..#.#
..g..$)..).####.....#..#.##..
..##.......####..##.#..#.##.#
#.......##...... #..#.##.#
.......#.##.# .#..#..#.##.##
........#g##.# .#..#..#.##.##
.........#.##.# .#[....#.##.##
.........#.##v#..##.#..#)##.##
........gg@..............##
....#.####v#.###.#.##.#.... ##
#. #.# # #.#.##.##### # #.#
#...#....... #.# #.###..####.
..# #.###..# #. ### #...#..#
#. #...#..# #. #.#.#..# #.


You could see Robin and a hobgoblin.

Vanquished Creatures
  Natasha (D:2)
  2 adders (D:2)
  2 worms (D:2)
  4 dart slugs
  2 leopard geckos (D:2)
  2 giant cockroaches
  17 goblins
  10 hobgoblins
  6 jackals
  4 bats
  4 frilled lizards (D:1)
  12 kobolds
  4 rats
70 creatures vanquished.

Vanquished Creatures (others)
  132 foxfires
132 creatures vanquished.

Grand Total: 202 creatures vanquished

Notes
Turn   | Place    | Note
-------+----------+-------------------------------------------
     0 | D:1      | DerDa the Octopode Fire Elementalist began the quest for
                  | the Orb.
     0 | D:1      | Reached XP level 1. HP: 11/11 MP: 3/3
    79 | D:1      | Reached XP level 2. HP: 12/17 MP: 0/5
   237 | D:1      | Reached XP level 3. HP: 14/21 MP: 0/7
   753 | D:1      | Learned a level 3 spell: Conjure Flame
   893 | D:2      | Noticed Natasha
   901 | D:2      | Killed Natasha
   901 | D:2      | Reached XP level 4. HP: 17/27 MP: 8/8
  1315 | D:2      | Reached XP level 5. HP: 18/31 MP: 10/10
  1381 | D:2      | Noticed Robin
  1400 | D:2      | Slain by Robin

Levels and vault maps discovered:
D:1:      minmay_arrival_nine_rooms, layout_rooms, kennysheep_decorative_pillar
D:2:      layout_basic, hangedman_decor_clover_reticule, uniq_natasha,
          uniq_crazy_yiuf_cottage, uniq_robin

Skill      XL: |  1  2  3 |
---------------+----------+-----
Spellcasting   | 3 |  3.7
Conjurations   | 2 |  2.3
Dodging        | |  2.0
Stealth        | |  2.6
Fire Magic     | |  3.8

Action                   |  1- 3 |  4- 6 || total
-------------------------+-------+-------++-------
Melee: Whip              |     4 |       ||     4
       Unarmed           |     4 |       ||     4
       Constrict         |     8 |     8 ||    16
       Tentacles         |     3 |     1 ||     4
       Short sword       |    31 |    28 ||    59
 Cast: Foxfire           |    44 |    35 ||    79
 Stab: Sleeping          |     2 |       ||     2
  Eat: Chunk             |       |     1 ||     1
Armor: Skin              |     4 |     4 ||     8
Dodge: Dodged            |    27 |    25 ||    52

Table legend:
 A = Non-vault XP
 B = Vault XP
 C = Vault XP percentage of total XP
 D = Non-vault monster count
 E = Vault monster count
 F = Vault count percentage of total count
                 A         B        C        D         E       F
            +---------+---------+-------+---------+---------+-------
      Total |     139 |      57 |  29.1 |      58 |      12 |  17.1
            +---------+---------+-------+---------+---------+-------
        D:1 |      61 |       0 |   0.0 |      33 |       0 |   0.0
        D:2 |      78 |      57 |  42.2 |      25 |      12 |  32.4
            +---------+---------+-------+---------+---------+-------
